 Dungeon Crawl Stone Soup version 0.27.0-1-g7a089689b8 (webtiles) character file.

Game seed: 11885759348676661546

218 marklar909 the Caller (level 5, 0/24 (28) HPs)
             Began as a Deep Elf Summoner on Aug 3, 2021.
             Killed from afar by Ijyb (7 damage)
             ... with a puff of flame
             ... on level 3 of the Dungeon.
             The game lasted 00:10:12 (3713 turns).

marklar909 the Caller (Deep Elf Summoner)           Turns: 3713, Time: 00:10:13

HP:   0/24 (28)     AC:  4    Str:  5    XL:     5   Next: 63%
MP:   7/14          EV: 12    Int: 21    God:
Gold: 111           SH:  0    Dex: 15    Spells: 7/13 levels left

rFire    . . .     SeeInvis .   b - staff of earth
rCold    . . .     Faith    .   (no shield)
rNeg     . . .     Spirit   .   c - +0 leather armour
rPois    .         Reflect  .   (no helmet)
rElec    .         Harm     .   l - +0 cloak
rCorr    .         Rampage  .   (no gloves)
Will     .....                  (no boots)
Stlth    ++........             (no amulet)
HPRegen  0.08/turn              (no ring)
MPRegen  0.14/turn              (no ring)

@: heavily drained
A: no striking features
a: no special abilities


You were on level 3 of the Dungeon.
You visited 1 branch of the dungeon, and saw 3 of its levels.

You collected 111 gold pieces.

Inventory:

Armour
 a - a +0 robe
 c - a +0 leather armour (worn)
 l - a +0 cloak (worn)
 q - a +0 buckler
Magical Staves
 b - a staff of earth (weapon)
Jewellery
 d - an amulet of guardian spirit
Wands
 n - a wand of polymorph (5)
Scrolls
 e - a scroll of torment {unknown}
 h - a scroll of amnesia {unknown}
 i - a scroll of summoning {unknown}
 j - a scroll of identify {unknown}
 p - a scroll of silence {unknown}
Potions
 f - a potion of ambrosia {unknown}
 g - 2 potions of flight {unknown}
 k - a potion of lignification {unknown}
 m - a potion of cancellation {unknown}
 o - a potion of might {unknown}
 r - a potion of brilliance {unknown}


   Skills:
 + Level 0.2 Fighting
 + Level 1.0 Staves
 + Level 1.1 Armour
 + Level 3.4 Dodging
 + Level 2.7 Stealth
 + Level 4.8 Spellcasting
 + Level 5.8 Summonings


You had 7 spell levels left.
You knew the following spells:

 Your Spells              Type           Power      Damage    Failure   Level
a - Summon Small Mammal   Summ           100%       N/A       1%          1
b - Call Imp              Summ           29%        N/A       2%          2
c - Call Canine Familiar  Summ           29%        N/A       4%          3

Your spell library contained the following spells:

 Spells                   Type           Power      Damage    Failure   Level
 Summon Guardian Golem    Hex/Summ       17%        N/A       16%         3
 Shock                    Conj/Air       20%        1d4       19%         1
 Static Discharge         Conj/Air       5%         N/A       26%         2
 Swiftness                Air            5%         N/A       47%         3
 Summon Lightning Spire   Summ/Air       17%        N/A       47%         4
 Airstrike                Air            2%         N/A       87%         4
 Dispel Undead            Necr           5%         3d7       87%         4
 Sticky Flame             Conj/Fire      5%         2d3       87%         4


Dungeon Overview and Level Annotations

Branches:
Dungeon (3/15)

Altars:

Annotations:
D:3 Ijyb


Message History

Ijyb hits your crimson imp with a +3 dagger of draining.
Casting: Call Imp (safe; 2% risk of failure)
Confirm with . or Enter, or press ? or * to list all spells.
A shadowy apparition takes form in the air.
Ijyb hits your crimson imp with a +3 dagger of draining.
Your crimson imp hits Ijyb but does no damage.
You swap places.
Your crimson imp completely misses Ijyb.
Casting: Call Imp (safe; 2% risk of failure)
Confirm with . or Enter, or press ? or * to list all spells.
Ijyb hits your crimson imp with a +3 dagger of draining.
Your crimson imp dies!
Your shadow imp hits Ijyb but does no damage.
Your rat barely misses Ijyb.
Casting: Summon Small Mammal (safe; 1% risk of failure)
Confirm with . or Enter, or press ? or * to list all spells.
Ijyb hits you with a +3 dagger of draining.
You feel drained.
Your rat barely misses Ijyb.
You swap places.
Ijyb hits you with a +3 dagger of draining.
You feel drained.
Your shadow imp hits Ijyb but does no damage.
Ijyb hits you with a +3 dagger of draining.
You feel drained.
Your rat bites Ijyb.
Casting: Summon Small Mammal (safe; 1% risk of failure)
Confirm with . or Enter, or press ? or * to list all spells.
A beastly little devil appears in a puff of flame.
Your shadow imp gestures at Ijyb.
Ijyb barely resists.
Your quokka barely misses Ijyb.
Ijyb zaps a wand.
The puff of flame hits you.
* * * LOW HITPOINT WARNING * * *
Your rat closely misses Ijyb.
Ijyb hits your quokka with a +3 dagger of draining!
Your quokka dies!
Your quokka's corpse disappears in a puff of smoke!
Your shadow imp barely misses Ijyb.
Your rat closely misses Ijyb.
Ijyb closely misses your crimson imp.
Your crimson imp blinks!
Ijyb zaps a wand.
The puff of flame hits you!
You die...

#......# #....#
#.####.########
#.# #.......#
####.#
#..)....####
#.$.r#
#...........
#.#5g##
#.......####
...#§.§#
#.......#
###.#.§.#
#.......#
#.#@..#
#########
#.#.### ...5#
###.# ..# ###


You could see Ijyb (fast, ally target), a friendly crimson imp (summoned), a
friendly shadow imp (summoned) and a friendly rat (summoned).

Vanquished Creatures
  A bat (D:2)
  An endoplasm (D:1)
  2 giant cockroaches
  5 hobgoblins
  A quokka (D:3)
  2 frilled lizards
  A kobold (D:3)
13 creatures vanquished.

Vanquished Creatures (collateral kills)
  Sigmund (D:2)
  A black bear (D:3)
  Natasha (thrice) (D:3)
  A hound skeleton (D:3)
  2 adders (D:3)
  A worm (D:2)
  A bat (D:3)
  3 endoplasms
  A giant cockroach (D:3)
  4 hobgoblins
  2 jackals (D:1)
  A kobold (D:3)
  2 ball pythons
  3 goblins
  2 rats
28 creatures vanquished.

Vanquished Creatures (others)
  A plant (D:2)
  2 withered plants (D:2)
3 creatures vanquished.

Grand Total: 44 creatures vanquished

Notes
Turn   | Place    | Note
-------+----------+-------------------------------------------
     0 | D:1      | marklar909 the Deep Elf Summoner began the quest for the
                  | Orb.
     0 | D:1      | Reached XP level 1. HP: 10/10 MP: 6/6
   925 | D:1      | Reached XP level 2. HP: 10/15 MP: 5/8
  1203 | D:2      | Noticed Sigmund
  1214 | D:2      | Learned a level 2 spell: Call Imp
  1851 | D:2      | Found a faded altar of an unknown god.
  1942 | D:2      | Killed Sigmund
  1943 | D:2      | Reached skill level 5 in Summonings
  1943 | D:2      | Reached XP level 3. HP: 9/19 MP: 1/10
  1943 | D:2      | Reached XP level 4. HP: 11/24 MP: 1/12
  2375 | D:2      | Reached skill level 1 in Staves
  2441 | D:2      | Learned a level 3 spell: Call Canine Familiar
  2524 | D:3      | Noticed a black bear
  2547 | D:3      | Killed a black bear
  2548 | D:3      | Reached XP level 5. HP: 16/28 MP: 6/13
  2910 | D:3      | Noticed Natasha
  2938 | D:3      | Killed Natasha
  3114 | D:3      | Noticed Natasha
  3124 | D:3      | Killed Natasha
  3125 | D:3      | Reached skill level 1 in Armour
  3202 | D:3      | Noticed Natasha
  3460 | D:3      | Killed Natasha
  3702 | D:3      | Noticed Ijyb
  3713 | D:3      | Killed from afar by Ijyb

Illustrated notes

Levels and vault maps discovered:
D:1:      scummos_arrival_simple_crosswalls, layout_basic, minmay_tetromino_s2
D:2:      layout_loops_ring, shapermc_ecumenical_altar_flowoftime, uniq_sigmund
D:3:      layout_rooms, minmay_misc_feat_encased, corexii_hall_statues_l,
          uniq_natasha, uniq_ijyb

Skill      XL: |  1  2  3  4  5 |
---------------+----------------+-----
Spellcasting   | 4 |  4.8
Summonings     | 5 |  5.8
Staves         | 1 |  1.0
Dodging        | 3 |  3.4
Armour         | 1 |  1.1
Fighting       | |  0.2
Stealth        | |  2.7

Action                   |  1- 3 |  4- 6 || total
-------------------------+-------+-------++-------
Melee: Staff             |    46 |    51 ||    97
 Cast: Summon Small Mamm |    33 |    33 ||    66
       Call Imp          |     7 |    13 ||    20
       Call Canine Famil |       |     1 ||     1
 Stab: Distracted        |       |     1 ||     1
Armor: Leather armour    |    13 |    24 ||    37
Dodge: Dodged            |    30 |    34 ||    64
